 Dungeon Crawl Stone Soup version 0.31-a0-854-g362426d53f (webtiles) character file.

Game seed: 11894703762921090820

211 Kurtz the Sneak (level 5, 0/49 HPs)
             Began as a Naga Delver on Oct 8, 2023.
             Succumbed to a scorpion's poison
             ... on level 4 of the Dungeon.
             The game lasted 00:04:09 (3270 turns).

Kurtz the Sneak (Naga Delver)                       Turns: 3270, Time: 00:04:10

Health: 0/49       AC:  8    Str: 14    XL:     5   Next: 88%
Magic:  5/5        EV:  8    Int: 10    God:
Gold:   120        SH:  0    Dex: 15    Spells: 4/4 levels left

rFire   . . .        a - +0 hand axe
rCold   . . .        (no shield)
rNeg    . . .        C - +1 ring mail {rPois}
rPois   +            i - +0 helmet
rElec   .            s - +0 cloak
rCorr   .            q - +0 pair of gloves
SInv    +            (no barding)
Will    .....        (no amulet)
Stlth   +++          (no ring)
HPRegen 0.28/turn    (no ring)
MPRegen 0.09/turn

%: no passive effects
@: lethally poisoned (0 -> -7), very slow
A: AC +1, large, see invisible, deformed body, poison resistance, slowness 2,
spit poison 1, naga tail 1
a: Spit Poison


You were on level 4 of the Dungeon.
You visited 1 branch of the dungeon, and saw 5 of its levels.

You collected 120 gold pieces.

Inventory:

Hand Weapons
 a - a +0 hand axe (weapon)
Missiles
 j - 3 boomerangs
Armour
 i - a +0 helmet (worn)
 n - a +0 scale mail
 q - a +0 pair of gloves (worn)
 s - a +0 cloak (worn)
 C - a +1 ring mail of poison resistance (worn)
Wands
 e - a wand of mindburst (3)
 g - a wand of digging (3)
Scrolls
 c - a scroll of fog
 d - 2 scrolls of revelation
 h - 2 scrolls of enchant weapon {unknown}
 l - a scroll of butterflies {unknown}
 m - a scroll of torment {unknown}
 p - 3 scrolls of teleportation {unknown}
 r - 2 scrolls of immolation
 t - a scroll of enchant armour {unknown}
 v - 2 scrolls of identify {unknown}
 x - a scroll of poison {unknown}
 y - a scroll of amnesia {unknown}
Potions
 b - 2 potions of brilliance
 f - 2 potions of haste
 k - a potion of cancellation
 o - a potion of might {unknown}
 u - a potion of mutation {unknown}
 w - a potion of heal wounds {unknown}
 z - a potion of curing {unknown}
 A - a potion of degeneration {unknown}
 B - a potion of enlightenment {unknown}


   Skills:
 - Level 3.0 Fighting
 * Level 5.9 Axes
 - Level 1.5 Dodging
 - Level 7.2 Stealth


You had 4 spell levels left.
You didn't know any spells.
Your spell library contained the following spells:

 Spells                   Type           Power      Damage    Failure   Level
 Ensorcelled Hibernation  Hex/Ice        0%         N/A       75%         2
 Passwall                 Tmut/Erth      0%         N/A       75%         2
 Wereblood                Tmut           0%         N/A       75%         2
 Swiftness                Air            0%         N/A       93%         3
 Tukima's Dance           Hex            0%         N/A       93%         3
 Dimensional Bullseye     Hex/Tloc       0%         N/A       100%        4
 Iskenderun's Mystic Bla  Conj/Tloc      0%         2d3       100%        4
 Irradiate                Conj/Tmut      0%         3d11      100%        5


Dungeon Overview and Level Annotations

Branches:
Dungeon (5/15)
 Temple: D:4-7

Altars:

Shops:
D:2 =*??(


Innate Abilities, Weirdness & Mutations

Your serpentine skin is tough. (AC +1)
You have supernaturally acute eyesight. (SInv)
Armour fits poorly on your strangely shaped body.
Your system is resistant to poisons. (rPois)
You cover ground very slowly.
You can spit poison.
You have a snake-like lower body.


Message History

Unknown command.
You hit the scorpion but do no damage.
The scorpion is severely wounded.
You feel sick. The scorpion barely misses you.
You barely miss the scorpion.
The scorpion is severely wounded.
You feel sick.
The scorpion stings you but does no damage.
Unknown command.
You hit the scorpion but do no damage.
The scorpion is almost dead.
You feel sick.
The scorpion looks more healthy.
The scorpion stings you but does no damage.
The scorpion closely misses you.
You hit the scorpion but do no damage.
The scorpion is almost dead.
You have got your breath back.
You feel sick.
You are no longer poisoned.
The scorpion barely misses you.
You hit the scorpion but do no damage.
The scorpion is almost dead.
The scorpion stings you.
* * * LOW HITPOINT WARNING * * *
You are lethally poisoned!
The scorpion poisons you!
You hit the scorpion.
You kill the scorpion!
* * * LOW HITPOINT WARNING * * *
You feel very sick.
Unknown command.
It was a potion of brilliance.
You feel clever all of a sudden.
* * * LOW HITPOINT WARNING * * *
You feel sick.
It was a potion of cancellation.
Your magical effects are unravelling.
You feel magically purged.
You feel a little less clever now.
You die...

.#.# ##......# ##)..#..###
....###....#### ##.......##
.........### #..........
........ ##........<. .....#
#........... .##..##
#.#......... #####...####
####.#.........
............#####....#.........
.......$..#...@...####.........
.............##....####........
..........########..###......##
.s........# ##...#.#######
..........# ###.#.# ..........#
#...###### ##.....###
##.....<.# ##.... ##.####.##
#....## #########.####...


There were no monsters in sight!

Vanquished Creatures
  A scorpion (D:4)
  3 gnolls (D:2)
  3 adders
  A white imp (D:4)
  2 worms
  A dart slug (D:1)
  An orc (D:3)
  8 endoplasms
  2 giant cockroaches (D:2)
  5 hobgoblins
  10 jackals
  9 kobolds
  2 quokkas
  4 ball pythons
  8 bats
  3 frilled lizards
  7 goblins
  9 rats
79 creatures vanquished.

Notes
Turn   | Place    | Note
-------+----------+-------------------------------------------
     0 | D:5      | Kurtz the Naga Delver began the quest for the Orb.
     0 | D:5      | Reached XP level 1. HP: 21/21 MP: 1/1
    11 | D:5      | Noticed a phantom
    35 | D:5      | Reached XP level 2. HP: 15/28 MP: 2/2
   392 | D:1      | Reached XP level 3. HP: 23/34 MP: 3/3
   555 | D:1      | HP: 1/34 [hobgoblin (4)]
  1326 | D:2      | Reached XP level 4. HP: 37/42 MP: 4/4
  1603 | D:2      | Found Meli's Jewellery Shop.
  1619 | D:2      | Found Qiroos's General Store.
  1633 | D:2      | Found Ynuvuplo's Magic Scroll Boutique.
  1646 | D:2      | Found a faded altar of an unknown god.
  1763 | D:2      | Found Yloijela's Weapon Boutique.
  1794 | D:2      | Found Haisk's Magic Scroll Emporium.
  2294 | D:2      | Reached skill level 5 in Axes
  2294 | D:2      | Reached XP level 5. HP: 32/49 MP: 5/5
  3269 | D:4      | HP: 2/49 [poisoned by a scorpion]
  3270 | D:4      | Succumbed to a scorpion's poison

Illustrated notes

Levels and vault maps discovered:
D:1:      dpeg_arrival_arbitrary_c, layout_basic
D:2:      layout_basic, hellmonk_ecumenical_altar_blasted, serial_shops, shop,
          shop_statue, shop, shop, shop, dreamdust_princess_bridge,
          minivault_25, minmay_tromino_v4_a
D:3:      layout_rooms
D:4:      layout_rooms, minmay_temple_entry_wispy
D:5:      layout_rooms

Skill      XL: |  1  2  3  4 |
---------------+-------------+-----
Axes           | 3 4 5 |  5.9
Fighting       | |  3.0
Dodging        | |  1.5
Stealth        | |  7.2

Action                     |  1- 3 |  4- 6 || total
---------------------------+-------+-------++-------
  Melee: Hand axe          |   126 |   162 ||   288
         Punch             |     1 |     1 ||     2
Ability: Spit Poison       |     3 |     8 ||    11
    Use: Potion            |       |     2 ||     2
         Scroll            |       |     1 ||     1
   Stab: Sleeping          |    10 |     3 ||    13
         Distracted        |       |     1 ||     1
 Armour: Leather armour    |   111 |       ||   111
         Scale mail        |    24 |   133 ||   157
         Ring mail         |       |    24 ||    24
  Dodge: Dodged            |    74 |    71 ||   145

Table legend: (Time is in decaauts)
 A = Elapsed time spent in this place.
 B = Non-inter-level travel time spent in this place.
 C = Inter-level travel time spent in this place.
 D = Time resting spent in this place.
 E = Time spent auto-exploring this place.
 F = Levels seen in this place.
 G = Mean time per level.
                   A        B        C        D        E       F      G
               +--------+--------+--------+--------+--------+-----+--------+
         Total |   4006 |   3959 |     47 |    931 |   2016 |   5 |  801.2 |
       Dungeon |   4006 |   3959 |     47 |    931 |   2016 |   5 |  801.2 |
               +--------+--------+--------+--------+--------+-----+--------+

Top non-repeatable levels by time:
     D:2: 1352 daAuts
     D:1: 1167 daAuts
     D:3: 801 daAuts
     D:4: 577 daAuts
     D:5: 107 daAuts
